 Dungeon Crawl Stone Soup version 0.29.1-12-g30fa7ad0bf (webtiles) character file.

Game seed: 16650799032394129487

1650 KittyFluff the Covered (level 9, -3/52 HPs)
             Began as a Gargoyle Fighter on Dec 29, 2022.
             Slain by an ogre
             ... wielding a +0 giant spiked club
              (7 damage)
             ... on level 6 of the Dungeon.
             The game lasted 00:21:53 (5385 turns).

KittyFluff the Covered (Gargoyle Fighter)           Turns: 5385, Time: 00:21:54

Health: -3/52      AC: 16    Str: 22    XL:     9   Next: 0%
Magic:  18/18      EV: 10    Int: 15    God:
Gold:   312        SH: 10    Dex: 11    Spells: 8/8 levels left

rFire   . . .      SeeInvis .   a - +0 flail
rCold   . . .      Faith    .   c - +0 buckler
rNeg    + . .      Spirit   .   b - +0 scale mail
rPois   ∞          Reflect  +   j - +2 hat
rElec   +          Harm     .   (no cloak)
rCorr   .          Rampage  .   (no gloves)
Will    .....                   (no boots)
Stlth   ..........              y - amulet of reflection
HPRegen 0.17/turn               s - +6 ring of intelligence
MPRegen 0.16/turn               r - ring of magical power

@: no status effects
A: sickness immunity, AC +6, negative energy resistance 1, electricity
resistance, torment resistance 1, petrification resistance
a: no special abilities


You were on level 6 of the Dungeon.
You visited 1 branch of the dungeon, and saw 6 of its levels.

You collected 312 gold pieces.

Inventory:

Hand Weapons
 a - a +0 flail (weapon)
 C - a +0 shortbow
Missiles
 o - 14 stones (quivered)
 p - 3 javelins
 t - 2 poisoned darts
 B - 3 boomerangs
Armour
 b - a +0 scale mail (worn)
 c - a +0 buckler (worn)
 j - a +2 hat (worn)
 F - a +0 helmet
Jewellery
 r - a ring of magical power (right hand)
 s - a +6 ring of intelligence (left hand)
 y - an amulet of reflection (around neck)
Wands
 e - a wand of charming (18)
Scrolls
 h - a scroll of brand weapon {unknown}
 i - 3 scrolls of amnesia {unknown}
 k - 4 scrolls of teleportation
 n - 2 scrolls of noise {unknown}
 v - 2 scrolls of butterflies {unknown}
 w - 2 scrolls of magic mapping {unknown}
 z - a scroll of enchant armour {unknown}
 A - 2 scrolls of blinking {unknown}
 D - a scroll of poison {unknown}
 E - 3 scrolls of fear {unknown}
 I - a scroll of acquirement
Potions
 d - 5 potions of might
 f - 2 potions of brilliance
 g - 3 potions of heal wounds
 l - a potion of degeneration {unknown}
 m - a potion of curing {unknown}
 q - 2 potions of attraction {unknown}
 u - 3 potions of haste
 x - 3 potions of flight {unknown}
 G - 2 potions of berserk rage {unknown}
 H - a potion of lignification {unknown}
 J - 2 potions of magic {unknown}


   Skills:
 + Level 4.7 Fighting
 + Level 6.8 Maces & Flails
 + Level 0.6 Throwing
 * Level 7.3 Armour
 + Level 2.5 Dodging
 + Level 6.0 Shields


You had 8 spell levels left.
You didn't know any spells.
Your spell library was empty.

Dungeon Overview and Level Annotations

Branches:
Dungeon (6/15)
 Temple: D:4-7

Altars:
Fedhas
Okawaru
Wu Jian


Innate Abilities, Weirdness & Mutations

You are immune to sickness and miasma.
Your stone body is resilient. (AC +6)
You are immune to poison.
You resist negative energy. (rN+)
You are resistant to electric shocks. (rElec)
You are resistant to unholy torment.
You are immune to petrification.


Message History

You sock the water moccasin!
The water moccasin is almost dead.
You block the water moccasin's attack. x2
You sock the water moccasin!
You kill the water moccasin!
You hear the quick hiss of a distant avalanche of sand.
Your Shields skill increases to level 6!
You have reached level 9!
Your experience leads to an increase in your attributes!
Your base attributes are Str 20, Int 9, Dex 11.
Increase (S)trength, (I)ntelligence, or (D)exterity?
You feel stronger. x2
You see here a water moccasin corpse.
The ogre shouts!
Found a worn bronze wand and 38 gold pieces.
An adder comes into view.
The ogre closely misses you.
You thump the ogre!
The ogre is moderately wounded.
You hit the ogre.
The ogre is heavily wounded.
The ogre hits you with a +0 giant spiked club!
* * * LOW HITPOINT WARNING * * *
You barely miss the ogre.
The ogre is heavily wounded.
The ogre hits you with a +0 giant spiked club!
* * * LOW HITPOINT WARNING * * *
The adder bites you but does no damage.
You hit the ogre.
The ogre is heavily wounded.
The adder bites you.
* * * LOW HITPOINT WARNING * * *
You block the ogre's attack.
You closely miss the ogre.
The ogre is heavily wounded.
The adder bites you but does no damage. The adder closely misses you.
You barely miss the ogre.
The ogre is heavily wounded.
The ogre hits you with a +0 giant spiked club!
You die...

#<# #.### # ### #.#..
#.### #.# #...# .....
#.# #†.## ...$..
###.#####..#.
......######.....##.....
#.....S...............#.
./.....@............#.##
.$.....O...#...###..#..#
.........###..## #..##..
.......####...# ##..###
.........#...## #..###
.....$.......## ##..##
..............######..##
..............<.S.......
.##....##..5.......


You could see an ogre and an adder.

Vanquished Creatures
  2 water moccasins (D:6)
  A sky beast (D:6)
  2 black bears
  An ogre (D:4)
  A phantom (D:4)
  2 centaurs
  A gnoll sergeant (D:5)
  A bullfrog (D:6)
  2 necrophages
  A scorpion (D:5)
  3 hounds
  2 jellies
  4 iguanas (D:5)
  Natasha (thrice) (D:2)
  2 orc wizards
  5 gnolls (D:5)
  5 adders
  2 white imps
  A worm (D:2)
  2 dart slugs
  11 orcs
  3 bats (D:1)
  7 endoplasms
  A giant cockroach (D:2)
  3 goblins
  8 hobgoblins
  2 jackals (D:3)
  6 kobolds
  A quokka (D:4)
  12 ball pythons
  4 frilled lizards
  3 rats (D:2)
104 creatures vanquished.

Notes
Turn   | Place    | Note
-------+----------+-------------------------------------------
     0 | D:1      | KittyFluff the Gargoyle Fighter began the quest for the
                  | Orb.
     0 | D:1      | Reached XP level 1. HP: 14/14 MP: 1/1
   367 | D:1      | Reached XP level 2. HP: 19/19 MP: 2/2
   867 | D:2      | Noticed Natasha
   880 | D:2      | Killed Natasha
   881 | D:2      | Reached skill level 4 in Armour
   881 | D:2      | Reached XP level 3. HP: 10/23 MP: 3/3
  1110 | D:2      | Noticed Natasha
  1118 | D:2      | Killed Natasha
  1119 | D:2      | Reached XP level 4. HP: 21/28 MP: 4/4
  1354 | D:2      | Noticed Natasha
  1360 | D:2      | Killed Natasha
  1514 | D:2      | Found an ornate altar of the Wu Jian Council.
  1646 | D:2      | Reached XP level 5. HP: 32/32 MP: 5/5
  1794 | D:3      | Found an iron altar of Okawaru.
  1814 | D:3      | Found a faded altar of an unknown god.
  1855 | D:3      | Found a blossoming altar of Fedhas.
  2435 | D:4      | Noticed an ogre
  2437 | D:4      | Noticed a phantom
  2919 | D:4      | Reached skill level 5 in Armour
  2919 | D:4      | Reached XP level 6. HP: 37/38 MP: 6/6
  3593 | D:4      | Reached skill level 1 in Dodging
  3593 | D:4      | Reached XP level 7. HP: 29/43 MP: 7/7
  3609 | D:4      | Reached skill level 5 in Maces & Flails
  3979 | D:5      | Entered Level 5 of the Dungeon
  4051 | D:5      | Reached skill level 6 in Armour
  4409 | D:5      | Reached skill level 5 in Shields
  4436 | D:5      | Reached XP level 8. HP: 48/48 MP: 8/8
  4948 | D:5      | Identified a scroll of acquirement
  5321 | D:6      | Reached skill level 7 in Armour
  5364 | D:6      | Reached XP level 9. HP: 29/52 MP: 9/9
  5385 | D:6      | Slain by an ogre

Illustrated notes

Levels and vault maps discovered:
D:1:      elethiomel_arrival_quiet, layout_basic, minmay_tromino_v4_b
D:2:      layout_loops_ring, basic_altar, uniq_natasha
D:3:      layout_basic, old_standard_altar, mainiacjoe_overflow_catwalk,
          basic_ecumenical_altar
D:4:      layout_loops_corners, minmay_close_crescents
D:5:      layout_basic
D:6:      layout_layer_cave, gup_ossuary_entry_pyramid,
          ebering_ghost_rock_garden, minmay_checkerbox, uniq_pikel, uniq_grinder

Skill      XL: |  1  2  3  4  5  6  7  8 |
---------------+-------------------------+-----
Armour         | 4 5 6 7 |  7.3
Maces & Flails | 3 4 5 6 |  6.8
Fighting       | 4 |  4.7
Shields        | 4 5 6 |  6.0
Dodging        | 1 2 |  2.5
Throwing       | |  0.6

Action                   |  1- 3 |  4- 6 |  7- 9 || total
-------------------------+-------+-------+-------++-------
Melee: Flail             |    86 |   178 |   256 ||   520
Throw: Stone             |     3 |    11 |    12 ||    26
  Use: Scroll            |     2 |     1 |     1 ||     4
Armor: Scale mail        |    62 |    78 |   143 ||   283
Dodge: Dodged            |    34 |    62 |    83 ||   179
Block: Buckler           |    14 |    69 |   127 ||   210
       Reflection        |       |     7 |     2 ||     9
